[Event "Polish University-ch Teams 2024"]
[Site "Lublin"]
[Date "2024.02.24"]
[Round "5.6"]
[White "Harazinska, Magdalena"]
[Black "Kubicka, Anna"]
[Result "0-1"]
[ECO "E70"]
[WhiteElo "1950"]
[BlackElo "2278"]
[Annotator "RC"]
[PlyCount "115"]
[EventDate "2024.02.22"]
[EventType "team-tourn"]
[EventCountry "POL"]
[SourceTitle "playchess.com"]
[Source "ChessBase"]
[SourceQuality "1"]
[TimeControl "900+5"]

1. d4 Nf6 2. c4 g6 3. Nc3 Bg7 4. e4 O-O 5. e5 Ne8 6. f4 d6 7. Nf3 dxe5 8. fxe5 Bg4 9. Be2 c5 10. dxc5 Qxd1+ 11. Bxd1 Nc6 12. Bf4 Nc7 13. h3 Bxf3 14. Bxf3 Ne6 15. Bg3 Nxc5 16. Bxc6 bxc6 17. O-O-O Rfd8 18. Kc2 a5 19. Rxd8+ Rxd8 20. Rd1 Rxd1 21. Nxd1 Nd7 22. e6 fxe6 23. Bc7 Ne5 24. Ne3 a4 25. a3 Kf7 26. Bxe5 Bxe5 27. b3 Bd4 28. Nd1 axb3+ 29. Kxb3 e5 30. a4 e4 31. Nc3 e3 32. Ne2 e5 33. Kc2 Ke6 34. Kd3 Kd6 35. Ng3 Kc5 36. Ne4+ Kb4 37. Nf6 h5 38. Nh7 Bc5 39. Ng5 Kxa4 40. Nf7 Bd4 41. g4 hxg4 42. hxg4 Kb4 43. Nd6 Kb3 44. Nc8 e4+ 45. Ke2 Kxc4 46. Ne7 c5 47. Nxg6 Kd5 48. Nf4+ Ke5 49. Ng2 c4 50. Ne1 Kf4 51. Nc2 Bc5 52. Ne1 Kxg4 53. Nc2 Kf4 54. Ne1 Ke5 55. Nc2 Kd5 56. Kd1 c3 57. Ne1 Kc4 58. Ke2 0-1

[Event "Polish University-ch Teams 2024"]
[Site "Lublin"]
[Date "2024.02.24"]
[Round "5.7"]
[White "Kosakowski, Jakub"]
[Black "Dzida, Kamil"]
[Result "0-1"]
[ECO "C50"]
[WhiteElo "2482"]
[BlackElo "2403"]
[Annotator "RC"]
[PlyCount "72"]
[EventDate "2024.02.22"]
[EventType "team-tourn"]
[EventCountry "POL"]
[SourceTitle "playchess.com"]
[Source "ChessBase"]
[SourceQuality "1"]
[TimeControl "900+5"]

1. e4 e5 2. Nf3 Nc6 3. Bc4 Nf6 4. d3 Bc5 5. Nc3 d6 6. Na4 Bb6 7. a3 O-O 8. h3 Be6 9. Bxe6 fxe6 10. O-O Qe8 11. c3 Rd8 12. Nxb6 axb6 13. Qe2 Nh5 14. g3 Rd7 15. Nh4 Rdf7 16. Bd2 Nf6 17. Rae1 d5 18. Kg2 Qd7 19. Bc1 Rd8 20. Rd1 Qe7 21. Nf3 h6 22. Nh2 Rdf8 23. Ng4 Kh7 24. Rde1 Nd7 25. d4 Kg8 26. exd5 exd5 27. Nxe5 Ncxe5 28. dxe5 Qe6 29. b4 Rf3 30. Qxf3 Rxf3 31. Kxf3 Nxe5+ 32. Kg2 Qf6 33. Be3 Qf3+ 34. Kh2 Qe4 35. Re2 Nf3+ 36. Kg2 Nh4+ 0-1

[Event "Polish University-ch Teams 2024"]
[Site "Lublin"]
[Date "2024.02.24"]
[Round "5.8"]
[White "Klepek, Witold"]
[Black "Niedbala, Bartlomiej"]
[Result "1-0"]
[ECO "B90"]
[WhiteElo "2262"]
[BlackElo "2382"]
[Annotator "TA"]
[PlyCount "121"]
[EventDate "2024.02.22"]
[EventType "team-tourn"]
[EventCountry "POL"]
[SourceTitle "playchess.com"]
[Source "ChessBase"]
[SourceQuality "1"]
[TimeControl "900+5"]

1. e4 c5 2. Nf3 d6 3. d4 cxd4 4. Nxd4 Nf6 5. Nc3 a6 6. Be3 e5 7. Nb3 Be6 8. h3 {[%emt 0:00:16] B90: Sicilian Najdorf: Unusual White 6th moves, 6 Be3 Ng4 and 6 Be3 e5.} Nbd7 9. Qf3 Rc8 10. O-O-O (10. Bd3 $11) 10... Rxc3 $1 $15 11. bxc3 Qc7 12. Kb1 b5 $146 ({Predecessor:} 12... Be7 13. g4 h6 14. Rg1 Qxc3 15. Rg3 Qc6 16. Bg2 Nb6 17. Bxb6 Qxb6 18. h4 a5 {0-1 Preotu,R (2475)-Sarana,A (2685) Titled Tuesday intern op 01st Aug Early blitz 2023 (3)}) 13. g4 Nb6 (13... h6 $15 {keeps the upper hand.}) 14. Bxb6 $16 Qxb6 15. g5 Nd7 16. h4 Be7 17. Bh3 Bxh3 18. Rxh3 Qc7 19. Qg4 Nb6 20. h5 (20. f4 $1 $16) 20... Na4 $14 21. Rdd3 Qd7 22. Qxd7+ (22. Qg3 {feels hotter.} Qb7 23. g6 Qxe4 24. gxf7+ Kxf7 25. Re3) 22... Kxd7 23. Rhg3 (23. Rdf3 $14 Ke6 24. h6) 23... Rc8 (23... h6 $11) 24. Rdf3 $14 Ke6 25. Kc1 (25. Nd2 $14) 25... h6 $1 $11 26. g6 f6 27. Rd3 Bd8 28. Rgf3 Bb6 29. Kb1 Ba7 (29... Rc4 $5 30. Nd2 $8 Rc7 $14) 30. Kc1 Bb6 31. Kb1 Rc4 32. Nd2 Rc7 33. Nb3 Ba7 (33... Rc4 $5 34. Nd2 $8 Rc7 $16) 34. Kc1 Nb6 (34... Rc6 $11) 35. Rd1 Nc4 36. Nd2 Nb6 {[%emt 0:00:16] [#]} (36... Nxd2 $142 37. Rxd2 (37. Kxd2 Rc4 $11) 37... Rc4) 37. Nb3 (37. Nf1 $1 $16) 37... Nc4 $11 38. Nd2 Na5 $2 {[%emt 0:00:00] [#]} (38... Nb6 $11 {and Black stays safe.}) 39. Nb3 $2 ({Better is} 39. Nf1 $1 $18) 39... Nb7 (39... Nc4 $11) 40. Kb2 $16 a5 41. Rd2 ({White should play} 41. a3 $16) 41... a4 $11 42. Nc1 Rc4 43. Re2 $1 Nc5 44. Rfe3 Nb7 45. Rf3 Bb6 (45... Nc5 $5 46. Rfe3 $8 a3+ 47. Kxa3 Ra4+ 48. Kb2 Rc4 $11) 46. a3 Nc5 47. Rfe3 Nb7 48. Rf3 Na5 ({Black should try} 48... Nc5 $11 49. Rfe3 Kd7) 49. Rd3 Rc6 50. Ka2 Bc5 51. Rd5 Nc4 (51... f5 $16) 52. Nd3 $18 Nb6 (52... Rc8 $142 53. Re1 f5) 53. Nxc5+ $18 dxc5 (53... Ke7 $142) 54. Red2 Ke7 $2 (54... Nc4 55. Rd1 Nd6) 55. Rd8 $18 Rc7 56. Rg8 Ke6 57. Re8+ Re7 58. Rb8 Nc4 59. Rd5 f5 60. Rxc5 fxe4 61. Rbxb5 1-0

[Event "Polish University-ch Teams 2024"]
[Site "Lublin"]
[Date "2024.02.24"]
[Round "5.9"]
[White "Hasterok, Mateusz"]
[Black "Golenia, Jan"]
[Result "1-0"]
[ECO "D03"]
[WhiteElo "2150"]
[BlackElo "2221"]
[Annotator "RC"]
[PlyCount "93"]
[EventDate "2024.02.22"]
[EventType "team-tourn"]
[EventCountry "POL"]
[SourceTitle "playchess.com"]
[Source "ChessBase"]
[SourceQuality "1"]
[TimeControl "900+5"]

1. d4 Nf6 2. Bg5 d5 3. Nd2 Nbd7 4. Ngf3 c5 5. e3 h6 6. Bh4 g5 7. Bg3 Bg7 8. c3 Qb6 9. Rb1 Nh5 10. Bd3 Qe6 11. Qa4 c4 12. Be2 a6 13. Qc2 f5 14. Be5 Nhf6 15. b3 b5 16. bxc4 dxc4 17. a4 g4 18. Nh4 Nxe5 19. dxe5 Nd5 20. axb5 axb5 21. Rxb5 Ra1+ 22. Nb1 Qc6 23. Rb8 O-O 24. O-O Bxe5 25. Rxc8 Qxc8 26. Ng6 Bg7 27. Nxf8 Kxf8 28. Qb2 Ra7 29. Qb5 Nxc3 30. Nxc3 Bxc3 31. Bxc4 Ra5 32. Qb3 Bf6 33. g3 Kg7 34. Rd1 Rc5 35. Be6 Qc6 36. Bd7 Qc7 37. Qd3 Qe5 38. Qb3 Qe4 39. Be6 Qe5 40. Bg8 e6 41. Bxe6 Rc3 42. Qb7+ Rc7 43. Rd7+ Rxd7 44. Qxd7+ Kg6 45. Qf7+ Kg5 46. h4+ gxh3 47. f4+ 1-0

[Event "Polish University-ch Teams 2024"]
[Site "Lublin"]
[Date "2024.02.24"]
[Round "5.10"]
[White "Musial, Tomasz"]
[Black "Brozyna, Mateusz"]
[Result "1-0"]
[ECO "C45"]
[WhiteElo "2171"]
[BlackElo "2259"]
[Annotator "TA"]
[PlyCount "81"]
[EventDate "2024.02.22"]
[EventType "team-tourn"]
[EventCountry "POL"]
[SourceTitle "playchess.com"]
[Source "ChessBase"]
[SourceQuality "1"]
[TimeControl "900+5"]

1. e4 e5 2. Nf3 Nc6 3. d4 exd4 4. Nxd4 Bc5 5. Nb3 Bb6 6. Nc3 Nf6 7. Qe2 O-O 8. Be3 $1 Re8 9. f3 {[%emt 0:00:14] The position is equal.} d6 10. O-O-O Be6 11. g4 Nd7 12. Kb1 a5 13. a4 Nce5 (13... Bxb3 $11 14. cxb3 Qh4) 14. h3 (14. Nd4 $16) 14... Bc4 15. Qf2 Bxf1 (15... Bxe3 $11 {remains equal.} 16. Qxe3 Bxb3 17. cxb3 g5) 16. Rhxf1 $16 {[%emt 0:00:03] White stays focused until the end.} Nc4 17. Bxb6 Ndxb6 18. Nd4 Qd7 (18... Qe7 $16 {was necessary.}) 19. b3 $18 Ne5 20. f4 Nc6 21. Nf5 g6 {[%emt 0:01:55] [#]} (21... Nc8 $142 22. h4 N8e7) 22. Nxd6 $1 cxd6 23. Qxb6 Rac8 24. Nd5 Kg7 {[%emt 0:00:10] Prevents Nf6} 25. Qe3 Qe6 26. Qc3+ f6 27. g5 Nb4 28. Qxf6+ (28. gxf6+ Kf7 29. Qd4 Nxd5 30. Qxd5 (30. exd5 Qe2 $16) 30... Qxd5 31. Rxd5 Rxe4 $11) 28... Qxf6 29. gxf6+ Kf7 30. Nxb4 axb4 {[%emt 0:00:01][%mdl 4096] Endgame. KRR-KRR} 31. Rd4 Rc3 32. Rxb4 Rxh3 (32... Kxf6 $142 33. e5+ (33. Rxb7 Rxe4 34. Rxh7 Re2 $18) 33... dxe5 34. fxe5+ (34. Rxb7 e4 $18) 34... Ke6 35. Rb6+ (35. Rxb7 Rec8 $18) 35... Kd5 36. Rd1+ (36. Rxb7 Rxh3 37. a5 Re3 $18) 36... Ke4 37. Rxb7 Rxh3) 33. Rd1 Re6 34. Rxb7+ Kxf6 {[%emt 0:00:02] [#]} 35. Rxd6 $3 Rxd6 36. e5+ Ke6 37. exd6 h5 38. d7 Ke7 39. a5 {[%emt 0:00:02][%cal Ba4a5,Ba5a6,Ba6a7][%mdl 32] White mates.} Re3 40. a6 Re6 41. a7 {[%emt 0:00:04] Weighted Error Value: White=0.18 (very precise) /Black=0.62.  Mistake:       	White=1     	Black=5      Inaccurate:     	White=2     	Black=5      OK:         	White=14    	Black=5      Best:        	White=1     	Black=3      Strong:       	White=1     	---} 1-0

[Event "Polish University-ch Teams 2024"]
[Site "Lublin"]
[Date "2024.02.24"]
[Round "5.11"]
[White "Adamczyk, Zuzanna"]
[Black "Babiarz, Arkadiusz"]
[Result "1-0"]
[ECO "B41"]
[WhiteElo "1970"]
[BlackElo "2159"]
[Annotator "RC"]
[PlyCount "75"]
[EventDate "2024.02.22"]
[EventType "team-tourn"]
[EventCountry "POL"]
[SourceTitle "playchess.com"]
[Source "ChessBase"]
[SourceQuality "1"]
[TimeControl "900+5"]

1. e4 c5 2. Nf3 e6 3. d4 cxd4 4. Nxd4 a6 5. c4 Nf6 6. Nc3 Qc7 7. Be2 Bb4 8. Qd3 d6 9. O-O Nbd7 10. Qg3 b6 11. f3 O-O 12. Nd1 Bb7 13. Kh1 Rac8 14. Nc2 a5 15. a3 Ne5 16. axb4 Nxc4 17. Bxc4 Qxc4 18. Nde3 Qb5 19. Qe1 a4 20. Bd2 d5 21. e5 Nd7 22. Bc3 Ba6 23. Qd2 Qc6 24. Rfe1 Rfe8 25. f4 b5 26. Bd4 Rc7 27. Rec1 Rec8 28. Bc3 Nb6 29. Nd4 Qd7 30. f5 exf5 31. Ndxf5 Nc4 32. Nxc4 Rxc4 33. Nd6 d4 34. Nxc8 Bxc8 35. Bxd4 Bb7 36. Rxc4 bxc4 37. Be3 Qc8 38. Rd1 1-0

[Event "Polish University-ch Teams 2024"]
[Site "Lublin"]
[Date "2024.02.24"]
[Round "5.12"]
[White "Giefert, Sara"]
[Black "Orlik, Sandra"]
[Result "0-1"]
[ECO "D04"]
[WhiteElo "1704"]
[BlackElo "1836"]
[Annotator "NA"]
[PlyCount "110"]
[EventDate "2024.02.22"]
[EventType "team-tourn"]
[EventCountry "POL"]
[SourceTitle "playchess.com"]
[Source "ChessBase"]
[SourceQuality "1"]
[TimeControl "900+5"]

1. d4 Nf6 2. Nf3 d5 3. b3 Bf5 4. Bb2 e6 5. e3 c6 6. Be2 Nbd7 7. Ne5 h5 8. Nd2 Bd6 9. f4 Qe7 10. Bd3 Ne4 11. Nxe4 dxe4 12. Be2 h4 13. Bh5 g6 14. Bg4 Nf6 15. h3 Ba3 16. Bc3 Bb4 17. Qd2 Nd5 18. Bxb4 Qxb4 19. Qxb4 Nxb4 20. Kd2 f6 21. Nc4 Ke7 22. a3 Nd5 23. Na5 Rab8 24. c4 Nc7 25. b4 Rhd8 26. Kc3 Ne8 27. Rad1 Rd7 28. Rhg1 Rc8 29. g3 b6 30. Nb3 Kf7 31. Bxf5 exf5 32. g4 Ng7 33. Rg2 Rg8 34. Rgd2 Rgd8 35. a4 fxg4 36. hxg4 g5 37. f5 Ne8 38. a5 Nc7 39. axb6 axb6 40. Ra2 b5 41. Nc5 Re7 42. Rad2 bxc4 43. Kxc4 Nd5 44. Re2 Rb8 45. Rb1 Ra7 46. b5 Nb6+ 47. Kc3 Nd5+ 48. Kc4 Nb6+ 49. Kc3 Na4+ 50. Nxa4 Rxa4 51. Reb2 cxb5 52. Rxb5 Rxb5 53. Rxb5 Ra3+ 54. Rb3 Rxb3+ 55. Kxb3 h3 0-1

[Event "Polish University-ch Teams 2024"]
[Site "Lublin"]
[Date "2024.02.24"]
[Round "5.13"]
[White "Mis, Mieszko"]
[Black "Watorek, Marcin"]
[Result "1-0"]
[ECO "A09"]
[WhiteElo "2325"]
[BlackElo "2018"]
[Annotator "TA"]
[PlyCount "59"]
[EventDate "2024.02.22"]
[EventType "team-tourn"]
[EventCountry "POL"]
[SourceTitle "playchess.com"]
[Source "ChessBase"]
[SourceQuality "1"]
[TimeControl "900+5"]

1. Nf3 d5 2. c4 d4 3. b4 c5 4. Bb2 f6 5. d3 e5 6. g3 (6. b5 $11) 6... cxb4 $17 7. a3 Nc6 8. Bg2 {[%emt 0:00:10] Schwarz steht besser.} Nh6 9. O-O bxa3 10. Bxa3 Bxa3 11. Nxa3 O-O 12. Nd2 Be6 (12... Bg4 $11) 13. Qa4 $14 {[%emt 0:00:18][%cal Of1b1][%mdl 1024] Weiss hat Kompensation.} Rc8 {[%emt 0:00:55] [#]} (13... Qe7 $11) 14. Rfb1 $1 $16 Qe7 {[%emt 0:00:59] [#]} ({Vorzuziehen ist} 14... Qd7 $14) 15. Nc2 (15. Nb5 $1 $16) 15... a5 (15... Nf7 $11 {hält das Gleichgewicht.}) 16. Rb6 Nf5 17. Rab1 Rc7 18. Ne4 ({Günstiger ist} 18. Na3 $16) 18... Nd6 (18... Ra8 $1 $11 {bleibt in der Remisbreite.}) 19. Nxd6 Qxd6 20. Rxb7 {[%emt 0:00:07] Weiß steht aktiver.} Bd7 $2 {[%emt 0:01:15] [#]} (20... Rfc8 21. Bxc6 Rxc6 (21... Qxc6 $2 {zu gefräßig.} 22. Qxc6 Rxc6 23. Ra7 $18) 22. Qxa5 Ra6) 21. c5 $1 $18 Rxb7 22. Rxb7 Qe6 {[%emt 0:01:45] [#]} 23. Rxd7 $1 Qxd7 24. Bxc6 ({Weniger gut wäre} 24. Qxc6 Qxc6 25. Bxc6 Rc8 26. Bd5+ Kf8 $16) 24... Qc7 25. Bd5+ Kh8 26. c6 Rb8 27. Qc4 Rb6 28. Na3 {[%emt 0:00:10] Weiss droht Qc5 und Matt.} Rb4 29. Qc5 Rb8 30. Nb5 {[%emt 0:00:04] Gewichteter Fehlerwert: Weiß=0.16 (sehr präzise) /Schwarz=0.87.  Fehler:       	Weiß=2     	Schwarz=6     Ungenau:       	---       	Schwarz=1     OK:         	Weiß=6     	Schwarz=2     Bester:       	---       	Schwarz=3     Stark:        	Weiß=1     	---        Brilliant:      	Weiß=2     	---} 1-0

[Event "Polish University-ch Teams 2024"]
[Site "Lublin"]
[Date "2024.02.24"]
[Round "5.14"]
[White "Golda, Sebastian"]
[Black "Jarocka, Liwia"]
[Result "0-1"]
[ECO "B15"]
[WhiteElo "2107"]
[BlackElo "2199"]
[Annotator "RC"]
[PlyCount "100"]
[EventDate "2024.02.22"]
[EventType "team-tourn"]
[EventCountry "POL"]
[SourceTitle "playchess.com"]
[Source "ChessBase"]
[SourceQuality "1"]
[TimeControl "900+5"]

1. e4 c6 2. d4 d5 3. Nd2 dxe4 4. Nxe4 Nf6 5. Nxf6+ exf6 6. c3 Bd6 7. Bd3 O-O 8. Qc2 Re8+ 9. Ne2 h5 10. Be3 Nd7 11. O-O-O b5 12. Ng3 Nb6 13. Ne4 Be6 14. Kb1 Nd5 15. Bc1 a5 16. Rhe1 a4 17. f3 b4 18. c4 b3 19. Qf2 bxa2+ 20. Ka1 Nb4 21. d5 cxd5 22. cxd5 Nxd3 23. Rxd3 Bf5 24. Rde3 Bxe4 25. Rxe4 Rxe4 26. Rxe4 Qc8 27. Qe1 a3 28. Re2 Qf5 29. Re8+ Bf8 30. Qe4 Qxe4 31. Rxe4 axb2+ 32. Bxb2 Bd6 33. f4 f5 34. Rc4 Ra5 35. Rd4 f6 36. g3 Kf7 37. Rd3 Ke7 38. Bc3 Ra3 39. Re3+ Kd7 40. Bd4 Ra5 41. Bc3 Ra4 42. Re1 Bc5 43. Kb2 a1=Q+ 44. Rxa1 Rxa1 45. Kxa1 Kd6 46. Kb1 Kxd5 47. Kc2 Ke4 48. h3 Bf2 49. g4 fxg4 50. hxg4 hxg4 0-1

[Event "Polish University-ch Teams 2024"]
[Site "Lublin"]
[Date "2024.02.24"]
[Round "5.15"]
[White "Golecki, Jan"]
[Black "Kulesza, Andrzej"]
[Result "1-0"]
[ECO "B53"]
[WhiteElo "2185"]
[BlackElo "2076"]
[Annotator "RC"]
[PlyCount "95"]
[EventDate "2024.02.22"]
[EventType "team-tourn"]
[EventCountry "POL"]
[SourceTitle "playchess.com"]
[Source "ChessBase"]
[SourceQuality "1"]
[TimeControl "900+5"]

1. e4 c5 2. Nf3 d6 3. d4 cxd4 4. Qxd4 Bd7 5. c4 Nc6 6. Qe3 Nf6 7. Be2 g6 8. O-O Bg7 9. Rd1 O-O 10. Nc3 Rc8 11. h3 a6 12. Bd2 Qc7 13. Rac1 Qb8 14. Nd5 b5 15. cxb5 axb5 16. Rxc6 Bxc6 17. Nxe7+ Kh8 18. Nxc8 Qxc8 19. Nd4 Bxe4 20. Nxb5 Qa8 21. Bc3 Bxg2 22. Nxd6 Bd5 23. Be5 Ne8 24. Nxe8 Rxe8 25. Bxg7+ Kxg7 26. Qd4+ f6 27. Qxd5 Qxd5 28. Rxd5 Rxe2 29. Rb5 Kf7 30. a4 Ke6 31. a5 Re1+ 32. Kg2 Ra1 33. b4 f5 34. Rb7 Ra4 35. Rb6+ Kd7 36. h4 Kc7 37. Kg3 Ra3+ 38. f3 Rb3 39. Kf4 h6 40. Ke5 Rxf3 41. Rxg6 f4 42. Rf6 Rb3 43. Rxf4 Kc6 44. Kf6 Rg3 45. h5 Kb5 46. Ke7 Rg7+ 47. Ke6 Rg5 48. Rf5+ 1-0

[Event "Polish University-ch Teams 2024"]
[Site "Lublin"]
[Date "2024.02.24"]
[Round "5.16"]
[White "Namyslak, Piotr"]
[Black "Leskiewicz, Ignacy"]
[Result "0-1"]
[ECO "A34"]
[WhiteElo "1763"]
[BlackElo "2180"]
[Annotator "RC"]
[PlyCount "60"]
[EventDate "2024.02.22"]
[EventType "team-tourn"]
[EventCountry "POL"]
[SourceTitle "playchess.com"]
[Source "ChessBase"]
[SourceQuality "1"]
[TimeControl "900+5"]

1. c4 b6 2. Nc3 Bb7 3. e4 c5 4. f4 Nc6 5. Nf3 g6 6. b3 Bg7 7. Bb2 Nh6 8. Na4 Nd4 9. d3 Qc7 10. g3 f5 11. Bg2 Ng4 12. Nxd4 cxd4 13. Bf3 Ne3 14. Qe2 fxe4 15. dxe4 O-O 16. Rb1 e5 17. fxe5 Bxe5 18. Rg1 b5 19. cxb5 Rac8 20. Bc1 Qxc1+ 21. Rxc1 Rxc1+ 22. Kf2 Rc2 23. Qxc2 Nxc2 24. Nc5 d3 25. Nxd7 Bd4+ 26. Kg2 Ne3+ 27. Kf2 Ng4+ 28. Kg2 Rxf3 29. Kxf3 Bxg1 30. Nf6+ Nxf6 0-1

[Event "Polish University-ch Teams 2024"]
[Site "Lublin"]
[Date "2024.02.24"]
[Round "5.17"]
[White "Poziomkowski, Szymon"]
[Black "Panczuk, Grzegorz"]
[Result "0-1"]
[ECO "B31"]
[WhiteElo "1848"]
[BlackElo "1736"]
[Annotator "NA"]
[PlyCount "86"]
[EventDate "2024.02.22"]
[EventType "team-tourn"]
[EventCountry "POL"]
[SourceTitle "playchess.com"]
[Source "ChessBase"]
[SourceQuality "1"]
[TimeControl "900+5"]

1. e4 c5 2. Nf3 Nc6 3. Bb5 Nf6 4. e5 Nd5 5. O-O g6 6. c3 Bg7 7. Re1 O-O 8. d3 Nc7 9. Bxc6 dxc6 10. Be3 b6 11. Bf4 Bf5 12. d4 Nd5 13. Bg3 cxd4 14. Nxd4 Qc8 15. Nd2 c5 16. N4f3 Rd8 17. Qe2 Bh6 18. Ne4 Nf4 19. Bxf4 Bxf4 20. Rad1 Qc6 21. Rxd8+ Rxd8 22. h3 Bxe4 23. Qxe4 Qxe4 24. Rxe4 Rd1+ 25. Re1 Rxe1+ 26. Nxe1 Bxe5 27. Nd3 Bd6 28. c4 e5 29. f3 f5 30. Kf2 Kf7 31. g4 e4 32. fxe4 fxe4 33. Nc1 Bf4 34. Ne2 Bd2 35. Ng3 e3+ 36. Kf3 Ke6 37. Nf1 Ke5 38. Nxe3 Bxe3 39. Kxe3 g5 40. a3 a6 41. b4 a5 42. bxc5 bxc5 43. a4 h6 0-1

[Event "Polish University-ch Teams 2024"]
[Site "Lublin"]
[Date "2024.02.24"]
[Round "5.18"]
[White "Ligeza, Aleksandra"]
[Black "Parol, Pola"]
[Result "0-1"]
[ECO "E46"]
[WhiteElo "1170"]
[BlackElo "2030"]
[Annotator "NA"]
[PlyCount "66"]
[EventDate "2024.02.22"]
[EventType "team-tourn"]
[EventCountry "POL"]
[SourceTitle "playchess.com"]
[Source "ChessBase"]
[SourceQuality "1"]
[TimeControl "900+5"]

1. d4 Nf6 2. c4 e6 3. Nc3 Bb4 4. e3 d5 5. cxd5 exd5 6. Nge2 c6 7. g3 O-O 8. Bg2 Bg4 9. Bd2 Re8 10. O-O Bd6 11. Qc2 Nbd7 12. Nf4 Nf8 13. f3 Bd7 14. Nce2 Qc8 15. e4 dxe4 16. fxe4 Bxf4 17. Bxf4 Bh3 18. e5 Bxg2 19. Kxg2 Nd5 20. Qe4 Qg4 21. h3 Qe6 22. Ng1 Ng6 23. Bd2 f6 24. Rae1 fxe5 25. dxe5 Qxe5 26. Qxe5 Rxe5 27. Rxe5 Nxe5 28. Re1 Nd3 29. Rb1 Re8 30. Bc3 Ne3+ 31. Kf3 Nd5 32. Kg2 b5 33. Rd1 Ne3+ 0-1

[Event "Polish University-ch Teams 2024"]
[Site "Lublin"]
[Date "2024.02.24"]
[Round "5.19"]
[White "Grochol, Kamil"]
[Black "Pacan-Milej, Kosma"]
[Result "0-1"]
[ECO "A45"]
[WhiteElo "2117"]
[BlackElo "2438"]
[Annotator "TA"]
[PlyCount "68"]
[EventDate "2024.02.22"]
[EventType "team-tourn"]
[EventCountry "POL"]
[SourceTitle "playchess.com"]
[Source "ChessBase"]
[SourceQuality "1"]
[TimeControl "900+5"]

1. d4 Nf6 2. Bf4 g6 3. Nc3 d5 4. e3 Bg7 5. h4 h5 6. Nf3 O-O 7. Be2 a6 8. Ne5 {[%emt 0:01:32] The position is equal.} c5 9. Qd2 cxd4 10. exd4 Nc6 11. O-O-O Qa5 12. Kb1 Bf5 13. f3 Nb4 (13... Rac8 $14) 14. Nd3 (14. Rc1 $1 $16) 14... Bxd3 $11 15. Bxd3 Rac8 16. a3 Nxd3 17. Qxd3 Rc4 18. Ne2 b5 19. c3 Qb6 $1 20. Be5 a5 21. b4 (21. g4 $11 {and White is okay.}) 21... axb4 22. axb4 Ra8 (22... Rfc8 $17 {aiming for ...Bh6.} 23. Kb2 Bh6) 23. Kb2 $1 $15 Rcc8 24. Ra1 {[%emt 0:00:04] [#]} (24. Bxf6 $1 $15 Bxf6 25. Ra1) 24... Nd7 $1 $36 {[%emt 0:00:45][%mdl 2048] Black has strong initiative.} 25. Bxg7 Kxg7 26. Rxa8 $2 (26. g4 $17 {might work better.} Rh8 27. Qe3) 26... Rxa8 $19 27. Ra1 {[%emt 0:00:03] Against Qa6} Rxa1 28. Kxa1 {[%emt 0:00:01][%mdl 4096] Endgame. [#] KQN-KQN} Qa6+ $1 29. Kb1 Nb6 30. Qc2 (30. f4 {was called for.} Nc4 31. f5) 30... Nc4 31. Qa2 (31. Qd3 $142) 31... Qe6 {[%emt 0:00:02] ...Qe3 would now be deadly.} 32. Nc1 Qe1 33. Qe2 Qxc3 34. Nd3 Nd2+ {[%emt 0:00:06] Weighted Error Value: White=0.76/Black=0.14 (very precise) .  Mistake:       	White=6     	Black=2      Inaccurate:     	White=2     	Black=3      OK:         	White=6     	Black=9      Best:        	---       	Black=2      Strong:       	White=1     	Black=3} 0-1

[Event "Polish University-ch Teams 2024"]
[Site "Lublin"]
[Date "2024.02.24"]
[Round "5.20"]
[White "Redzisz, Michal"]
[Black "Lis, Mateusz"]
[Result "1/2-1/2"]
[ECO "E17"]
[WhiteElo "2229"]
[BlackElo "2019"]
[Annotator "TA"]
[PlyCount "65"]
[EventDate "2024.02.22"]
[EventType "team-tourn"]
[EventCountry "POL"]
[SourceTitle "playchess.com"]
[Source "ChessBase"]
[SourceQuality "1"]
[TimeControl "900+5"]

1. d4 d5 2. c4 e6 3. Nf3 Nf6 4. g3 Nbd7 5. Nbd2 b6 6. Bg2 Bb7 7. O-O Be7 8. b3 O-O 9. Bb2 c5 10. cxd5 Bxd5 11. Rc1 cxd4 12. Bxd4 Rc8 13. Rc2 Rxc2 14. Qxc2 {[%emt 0:00:01] The position is equal.} Qa8 15. Rc1 Ba3 16. Bb2 Bxb2 17. Qxb2 Rc8 18. Rxc8+ Qxc8 19. Ne5 Bxg2 20. Kxg2 Qb7+ 21. Ndf3 Qd5 22. Nxd7 Nxd7 $11 {[%emt 0:00:04][%mdl 4096] Endgame. KQN-KQN} 23. Qc2 Qb7 {[%emt 0:01:35] Prevents Qc7} 24. Kg1 h6 25. h4 Nf6 26. Ne5 Qd5 27. Qc7 (27. Nc6 {simplifies} Qd7 28. b4 b5 29. a3) 27... Qd1+ 28. Kg2 Qxe2 29. Qxf7+ Kh7 30. Qg6+ Kg8 $1 31. Qf7+ Kh7 32. Qg6+ Kg8 $1 33. Qf7+ {[%emt 0:00:04] A balanced but interesting game.   Weighted Error Value: White=0.04 (flawless) /Black=0.03 (flawless) .  Inaccurate:     	White=1     	---        OK:         	White=8     	Black=11     Strong:       	---       	Black=2} 1/2-1/2

[Event "Polish University-ch Teams 2024"]
[Site "Lublin"]
[Date "2024.02.24"]
[Round "5.21"]
[White "Sulkowski, Andrzej"]
[Black "Galuszka, Tomasz"]
[Result "0-1"]
[ECO "D36"]
[WhiteElo "1797"]
[BlackElo "2181"]
[Annotator "RC"]
[PlyCount "64"]
[EventDate "2024.02.22"]
[EventType "team-tourn"]
[EventCountry "POL"]
[SourceTitle "playchess.com"]
[Source "ChessBase"]
[SourceQuality "1"]
[TimeControl "900+5"]

1. d4 d5 2. c4 e6 3. cxd5 exd5 4. Nc3 Nf6 5. Bg5 Be7 6. e3 O-O 7. Bd3 c6 8. Qc2 Nbd7 9. Nge2 Re8 10. O-O Nf8 11. f3 Be6 12. e4 dxe4 13. fxe4 Ng4 14. Bxe7 Qxe7 15. Rf3 c5 16. d5 Bd7 17. Ng3 c4 18. Bf1 Qh4 19. h3 Ne5 20. Re3 Nfg6 21. Rae1 b5 22. Nf5 Qf6 23. Qf2 Qb6 24. Rg3 Qxf2+ 25. Kxf2 b4 26. Nd1 Bxf5 27. exf5 Nf4 28. Re4 Nxd5 29. Bxc4 Nf6 30. Rd4 Rad8 31. Rxd8 Rxd8 32. Bb3 Ne4+ 0-1

[Event "Polish University-ch Teams 2024"]
[Site "Lublin"]
[Date "2024.02.24"]
[Round "5.23"]
[White "Brozek, Wojciech"]
[Black "Dziendziel, Mateusz"]
[Result "0-1"]
[ECO "B77"]
[WhiteElo "1549"]
[BlackElo "1975"]
[Annotator "NA"]
[PlyCount "57"]
[EventDate "2024.02.22"]
[EventType "team-tourn"]
[EventCountry "POL"]
[SourceTitle "playchess.com"]
[Source "ChessBase"]
[SourceQuality "1"]
[TimeControl "900+5"]

1. e4 c5 2. Nf3 d6 3. d4 cxd4 4. Nxd4 Nf6 5. Nc3 g6 6. Be3 Bg7 7. f3 O-O 8. Bc4 Nc6 9. Qd2 Nxd4 10. Bxd4 Be6 11. Nd5 Bxd5 12. Bxd5 Nxd5 13. Bxg7 Kxg7 14. exd5 Qb6 15. O-O-O Rac8 16. h4 h5 17. g4 Rh8 18. Kb1 Rc4 19. Qe2 Qc7 20. Rd2 b5 21. Rh2 a5 22. g5 Rc8 23. Qf2 Qc5 24. Qxc5 R8xc5 25. Rhe2 Rxh4 26. b4 Rhc4 27. bxc5 Rxc5 28. Kc1 Rc7 29. Re3 0-1